 Dungeon Crawl Stone Soup version 0.20.1-1-g8b1a95d (webtiles) character file.

114 wojtek the Skirmisher (level 4, -3/42 HPs)
             Began as a Minotaur Fighter on Dec 24, 2017.
             Killed by divine providence
             ... invoked by an orc priest
              (16 damage)
             ... on level 3 of the Dungeon.
             The game lasted 00:03:08 (1890 turns).

wojtek the Skirmisher (Minotaur Fighter)            Turns: 1890, Time: 00:03:09

Health: -3/42      AC: 11    Str: 21    XL:     4   Next: 67%
Magic:  3/3        EV:  7    Int:  5    God:
Gold:   90         SH:  9    Dex: 10    Spells: 3/3 levels left

rFire    . . .     SeeInvis .   l - +0 mace (curse)
rCold    . . .     Gourm    .   c - +0 shield
rNeg     . . .     Faith    .   b - +0 scale mail
rPois    .         Spirit   .   (helmet restricted)
rElec    .         Reflect  .   (no cloak)
rCorr    .         Harm     .   (no gloves)
MR       .....                  (no boots)
Stlth    ..........             (no amulet)
Regen    0.2/turn               m - +4 ring of protection
MPRegen  0.1/turn               (no ring)

@: no status effects
A: retaliatory headbutt, horns 2
a: no special abilities


You were on level 3 of the Dungeon.
You were not hungry.

You visited 1 branch of the dungeon, and saw 3 of its levels.

You collected 90 gold pieces.

Inventory:

Hand Weapons
 a - a +0 war axe
 l - a cursed +0 mace (weapon)
Armour
 b - a +0 scale mail (worn)
 c - a +0 shield (worn)
Jewellery
 m - a +4 ring of protection (left hand)
 n - an uncursed amulet of rage {unknown}
Wands
 o - a wand of iceblast (6/15)
Scrolls
 g - 2 scrolls of teleportation
Potions
 d - a potion of might
 j - 2 potions of curing {unknown}
 k - a potion of magic {unknown}
Comestibles
 f - a bread ration
 i - 6 chunks of flesh


   Skills:
 * Level 5.3 Fighting
 - Level 4.3 Axes
 + Level 3.8 Armour
 - Level 3.6 Shields


You had 3 spell levels left.
You didn't know any spells.

Dungeon Overview and Level Annotations

Branches:
Dungeon (3/15)

Altars:
Fedhas
Ru
Sif Muna
Uskayaw
The Shining One


Innate Abilities, Weirdness & Mutations

You reflexively headbutt those who attack you in melee.
You have a pair of horns on your head.


Message History

You thump the orc priest!
The orc priest is severely wounded.
The orc hits you but does no damage. You block the orc's attack.
The orc priest closely misses you. The orc hits you with a club.
* * * LOW HITPOINT WARNING * * *
You closely miss the orc priest.
You headbutt the orc priest, but do no damage.
The orc priest is severely wounded.
The orc priest casts a cantrip, but nothing happens.
You barely miss the orc priest. Your headbutt misses the orc priest.
The orc priest is severely wounded.
The orc priest hits you but does no damage.
The orc barely misses you. The orc hits you but does no damage.
You block the orc priest's attack.
You hit the orc priest but do no damage.
The orc priest is severely wounded.
You block the orc's attack. The orc hits you but does no damage.
The orc priest mumbles some strange prayers to Beogh against you.
Beogh smites you!
You die...

***,******,* ####### *,,,,,****,*
#...... *,,,*,*,,,,* #####
#....## *******,*,**** #...#
#....# *,,,,,,,*,*###** #.#.#
#....# *,*****,*,,,...* #.#.#
#....# *,*
***#####.######.#.###.##### *,*
*>,........................ *,*
*,***,.#.o@o.##.#.###.#####
*,*****,***,,##o#).##.#.###.#####
*,,,,,,,,,,,,....................
***********..##.#o##############*
#.,...#.# # #,#####.# # *,,,,,..#
# ******### # *


You could see 2 orc priests and 2 orcs.

Vanquished Creatures
  Terence (D:2)
  4 adders (D:2)
  2 oozes
  A dart slug (D:1)
  An orc (D:3)
  3 giant cockroaches
  2 goblins (D:1)
  7 hobgoblins
  8 kobolds
  A quokka (D:2)
  6 bats
  3 frilled lizards
  8 rats
47 creatures vanquished.

Notes
Turn   | Place    | Note
-------+----------+-------------------------------------------
     0 | D:1      | wojtek the Minotaur Fighter began the quest for the Orb.
     0 | D:1      | Reached XP level 1. HP: 19/19 MP: 0/0
    97 | D:1      | Reached XP level 2. HP: 23/26 MP: 1/1
   682 | D:1      | Reached XP level 3. HP: 24/31 MP: 2/2
  1107 | D:2      | Found a glowing golden altar of the Shining One.
  1107 | D:2      | Found a blossoming altar of Fedhas.
  1112 | D:2      | Found a hide-covered altar of Uskayaw.
  1114 | D:2      | Found a deep blue altar of Sif Muna.
  1115 | D:2      | Found a sacrificial altar of Ru.
  1164 | D:2      | Reached skill level 4 in Fighting
  1331 | D:2      | Found a faded altar of an unknown god.
  1386 | D:2      | Reached XP level 4. HP: 41/41 MP: 3/3
  1571 | D:2      | Noticed Terence
  1583 | D:2      | Killed Terence
  1583 | D:2      | Reached skill level 5 in Fighting
  1890 | D:3      | Killed from afar by an orc priest

Skill      XL: |  1  2  3  4 |
---------------+-------------+-----
Axes           | 3 4 |  4.3
Fighting       | 4 5 |  5.3
Armour         | |  3.8
Shields        | |  3.6

Action                   |  1- 3 |  4- 6 || total
-------------------------+-------+-------++-------
Melee: War axe           |    47 |       ||    47
       Headbutt          |     4 |     5 ||     9
       Mace              |    26 |    54 ||    80
  Use: Scroll            |     3 |     2 ||     5
  Eat: Chunk             |     2 |     1 ||     3
Armor: Scale mail        |    25 |    22 ||    47
Dodge: Dodged            |    22 |    23 ||    45
Block: Shield            |    39 |    40 ||    79
